Map: Dusk Towers

Players

Rosewater

  • Race: Zerg Zerg
  • League: Platinum

LilDicky - Winner!

  • Race: Terran Terran
  • League: Diamond

VOD

http://www.twitch.tv/tumescentpie

Description

Time

  • Played on: Nov. 26, 2015, 1:12 p.m.
  • Length: 6:54
Show
View Real Time Build Order
Export as new Build Order

Rosewater Zerg 

Build Orders: Hatch First 

Get SALT Encoding   

  12  0:01  Drone  
  13  0:12  Overlord  
  13  0:20  Drone  
  14  0:30  Drone x2  
  14  0:34  Drone  
  17  0:54  Hatchery  
  17  0:56  Drone  
  17  1:00  Extractor  
  17  1:01  Drone  
  17  1:13  Drone  
  18  1:20  Spawning Pool  
  18  1:25  Drone  
  18  1:29  Drone  
  19  1:39  Overlord  
  19  1:56  Drone  
  19  2:00  Drone  
  21  2:06  Queen  
  21  2:07  Metabolic Boost  
  23  2:15  Drone x2  
  25  2:17  Queen  
  27  2:24  Zergling x4  
  27  2:29  Drone  
  30  2:38  Drone x2, Spine Crawler  
  31  2:55  Queen x2  
  31  2:57  Drone  
  36  2:59  Overlord  
  36  3:09  Overlord  
  36  3:21  Drone x2  
  36  3:22  Drone x6  
  44  3:43  Drone  
  44  3:44  Drone x3  
  48  3:52  Hatchery, Extractor  
  46  3:59  Lair  
  46  4:07  Drone x3  
  49  4:29  Drone x3  
  49  4:31  Overlord x2  
  52  4:32  Overlord x5  
  52  4:43  Roach Warren  
  51  4:46  Evolution Chamber  
  51  4:47  Drone x2  
  51  4:49  Evolution Chamber  
  51  5:08  Zergling x18  
  52  5:48  Zergling x2  
  52  5:49  Zergling x12  
  55  5:56  Zergling x2  
  53  6:02  Queen  
  53  6:03  Queen  
  57  6:07  Zergling x2  
  57  6:08  Zergling x26  
Show
View Real Time Build Order
Export as new Build Order

LilDicky Terran - Winner!

Build Orders:  

Get SALT Encoding   

  12  0:02  SCV  
  13  0:14  SCV  
  13  0:18  Supply Depot  
  14  0:26  SCV  
  15  0:33  Refinery  
  15  0:40  SCV  
  16  0:46  Barracks  
  16  0:52  SCV  
  17  1:04  SCV  
  18  1:20  SCV  
  19  1:32  Orbital Command  
  19  1:33  Marine  
  20  1:47  Command Center  
  21  1:56  Barracks Reactor  
  21  1:58  Supply Depot  
  21  1:59  SCV  
  21  2:10  Factory  
  21  2:16  Refinery  
  21  2:19  SCV  
  22  2:31  SCV  
  22  2:35  Marine x2  
  25  2:43  SCV  
  26  2:50  Supply Depot  
  26  2:52  Marine  
  26  2:53  Factory Tech Lab, Marine  
  26  2:56  Starport  
  28  3:03  Orbital Command  
  28  3:06  SCV  
  28  3:10  Refinery  
  29  3:18  Siege Tank  
  32  3:22  Marine  
  32  3:23  Marine  
  34  3:27  SCV  
  34  3:30  SCV  
  36  3:37  Medivac  
  36  3:39  SCV  
  39  3:42  SCV  
  39  3:47  Refinery  
  40  3:51  SCV  
  40  3:52  Siege Tank  
  40  3:54  SCV  
  45  3:55  Marine  
  45  4:00  Supply Depot  
  46  4:06  Marine  
  46  4:07  Medivac  
  49  4:24  Marine x2  
  49  4:25  SCV, Siege Tank  
  49  4:28  SCV  
  49  4:30  Supply Depot  
  56  4:38  SCV  
  57  4:40  SCV  
  57  4:42  Marine x2  
  57  4:45  Supply Depot  
  60  4:54  Liberator  
  60  5:13  Siege Tank  
  66  5:14  Marine x2  
  63  5:45  Siege Tank  
  66  5:54  Medivac  
Tags
 
Add a new tag
Caveats
  • Supply blocks, unpowered buildings, or Contaminate may cause inaccurate times.
  • Supply counts are checked every 10 seconds.